 Dungeon Crawl Stone Soup version 0.22.1-2-g9c5b331383 (webtiles) character file.

14713 Rediskos the Basher (level 12, -1/76 HPs)
             Began as a Gargoyle Fighter on Dec 2, 2018.
             Was a Priest of Qazlal.
             Slain by a death yak simulacrum (30 damage)
             ... in an ice cave.
             The game lasted 00:38:16 (13028 turns).

Rediskos the Basher (Gargoyle Fighter)             Turns: 13028, Time: 00:38:16

Health: -1/76      AC: 25    Str: 32    XL:     12   Next: 19%
Magic:  25/25      EV: 12    Int:  4    God:    Qazlal [***...]
Gold:   1066       SH: 12    Dex: 13    Spells: 8/11 levels left

rFire    + . .     SeeInvis +   O - +2 mace "Racaikan" {pain, *Slow +Inv rF+ Str+3}
rCold    . . .     Gourm    .   t - +2 buckler of Utipriz {Str+4 Int-3 Slay+6}
rNeg     + . .     Faith    .   I - +1 chain mail {MR+}
rPois    ∞         Spirit   .   F - +0 helmet of the Mutiny {MP+9 Dex+4}
rElec    +         Reflect  .   (no cloak)
rCorr    +         Harm     .   a - +1 pair of gloves of the Clam {rCorr Int-2 Slay+6 SInv}
MR       +....                  (no boots)
Stlth    ..........             (no amulet)
HPRegen  0.22/turn              B - +1 ring of protection
MPRegen  0.19/turn              y - +3 ring of evasion

@: no status effects
A: negative energy resistance 1, electricity resistance, unbreathing,
petrification resistance, rot immunity, AC +8
a: Upheaval, Elemental Force, Renounce Religion, Evoke Invisibility


You were in an ice cave.
You worshipped Qazlal.
Qazlal was most pleased with you.
You were hungry.

You visited 3 branches of the dungeon, and saw 14 of its levels.
You also visited: Sewer, Bailey and Ice Cave.

You collected 1066 gold pieces.

Inventory:

Hand Weapons
 p - the +3 mace "Yfeill" {flame, Dex+3}
   (You found it on level 10 of the Dungeon)

   It has been specially enchanted to burn those struck by it, causing extra
   injury to most foes and up to half again as much damage against particularly
   susceptible opponents.
   It affects your dexterity (+3).
 O - the +2 mace "Racaikan" (weapon) {pain, *Slow +Inv rF+ Str+3}
   (You found it on level 2 of the Lair of Beasts)

   In the hands of one skilled in necromantic magic, it inflicts extra damage on
   living creatures.
   It affects your strength (+3).
   It protects you from fire.
   It lets you turn invisible.
   It may slow you when you take damage.
Missiles
 s - 8 throwing nets (quivered)
Armour
 a - the +1 pair of gloves of the Clam (worn) {rCorr Int-2 Slay+6 SInv}
   (You found it on level 4 of the Dungeon)

   It affects your intelligence (-2).
   It affects your accuracy and damage with ranged weapons and melee attacks
   (+6).
   It lets you see invisible.
   It provides partial protection from all sources of acid and corrosion.
 t - the +2 buckler of Utipriz (worn) {Str+4 Int-3 Slay+6}
   (You found it on level 4 of the Dungeon)

   It affects your strength (+4).
   It affects your intelligence (-3).
   It affects your accuracy and damage with ranged weapons and melee attacks
   (+6).
 F - the +0 helmet of the Mutiny (worn) {MP+9 Dex+4}
   (You found it on level 7 of the Dungeon)

   It affects your dexterity (+4).
   It affects your magic capacity (+9).
 I - a +1 chain mail of magic resistance (worn)
Jewellery
 g - an uncursed ring of magical power {unknown}
 j - an uncursed ring of flight
 y - a +3 ring of evasion (right hand)
 B - a +1 ring of protection (left hand)
 C - an uncursed ring of protection from fire
 E - an uncursed ring of fire {unknown}
 M - an uncursed ring of attention
Wands
 l - a wand of flame (23)
 w - a wand of iceblast (2)
 x - a wand of paralysis (23)
 J - a wand of enslavement (17)
Scrolls
 c - 4 scrolls of teleportation
 i - 3 scrolls of remove curse
 m - a scroll of enchant weapon
 n - 2 scrolls of fog
 A - a scroll of blinking
 G - 2 scrolls of amnesia
 L - 3 scrolls of enchant armour
Potions
 d - 4 potions of might
 e - 3 potions of agility
 h - 11 potions of curing
 k - 2 potions of heal wounds
 o - 2 potions of lignification
 q - 3 potions of brilliance
 r - 2 potions of mutation
 u - a potion of haste
 v - 2 potions of ambrosia
 z - a potion of berserk rage
 D - a potion of flight {unknown}
Comestibles
 f - 30 rations


   Skills:
 + Level 9.1 Fighting
 * Level 11.0 Maces & Flails
 + Level 9.1 Armour
 + Level 9.0 Shields
 + Level 3.6 Translocations
 - Level 2.9 Transmutations
 + Level 5.2 Earth Magic
 + Level 6.3 Invocations


You had 8 spell levels left.
You knew the following spells:

 Your Spells              Type           Power        Failure   Level  Hunger
a - Passwall              Tmut/Erth      #.......     52%         2    ###....
b - Apportation           Tloc           #.....       43%         1    ##.....

Your spell library contained the following spells:

 Spells                   Type           Power        Failure   Level  Hunger
 Sandblast                Erth           #.....       26%         1    ##.....
 Animate Skeleton         Necr           N/A          91%         1    ##.....
 Confusing Touch          Hex            #.....       91%         1    ##.....
 Corona                   Hex            #......      91%         1    ##.....
 Freeze                   Ice            #...         91%         1    ##.....
 Shock                    Conj/Air       #...         91%         1    ##.....
 Summon Small Mammal      Summ           #...         91%         1    ##.....
 Stone Arrow              Conj/Erth      #.....       91%         3    ####...
 Ensorcelled Hibernation  Hex/Ice        #.....       97%         2    ###....
 Swiftness                Chrm/Air       #.......     97%         2    ###....
 Throw Frost              Conj/Ice       #.....       97%         2    ###....
 Confuse                  Hex            #.......     99%         3    ####...
 Dazzling Spray           Conj/Hex       #.....       99%         3    ####...
 Ozocubu's Armour         Chrm/Ice       #.......     99%         3    ####...
 Static Discharge         Conj/Air       #.......     99%         3    ####...
 Tukima's Dance           Hex            #.......     99%         3    ####...
 Petrify                  Tmut/Erth      #.......     99%         4    #####..
 Airstrike                Air            #.........   100%        4    #####..
 Summon Ice Beast         Ice/Summ       #.......     100%        4    #####..
 Throw Icicle             Conj/Ice       #.......     100%        4    #####..
 Lee's Rapid Deconstruct  Erth           #.........   100%        5    ######.
 Lightning Bolt           Conj/Air       #.........   100%        5    ######.


Dungeon Overview and Level Annotations

Branches:
Dungeon (10/15)            Temple (1/1) D:6            Lair (3/6) D:10
  Swamp (0/4) Lair:2
  Snake: Lair:2-4    Spider: Lair:2-4       Orc: D:9-12

Altars:
Ashenzari
Cheibriados
Makhleb
Qazlal
Uskayaw
Vehumet
Wu Jian
Yredelemnul
The Shining One

Annotations:
D:4 3 runed doors, Ihlosi's ghost, amateur KoGl
D:6 3 runed doors, megamayne420's ghost, amateur HOMo


Innate Abilities, Weirdness & Mutations

You are resistant to torment.
Your stone body is resilient. (AC +8)
You are immune to poison.
You resist negative energy. (rN+)
You are resistant to electric shocks. (rElec)
You can survive without breathing.
You are immune to petrification.
You are immune to rotting.


Message History

You block the death yak simulacrum's attack.
The polar bear simulacrum misses you. x2
The polar bear simulacrum claws you but does no damage.
You bludgeon the polar bear simulacrum!!
The polar bear simulacrum vapourises!
Qazlal accepts your kill.
The death yak simulacrum gores you but does no damage.
You bludgeon the death yak simulacrum!!
The death yak simulacrum is heavily damaged.
The death yak simulacrum gores you. The death yak simulacrum freezes you!!!
You sock the death yak simulacrum!
The death yak simulacrum is severely damaged.
The death yak simulacrum closely misses you.
You block the alligator simulacrum's attack.
The alligator simulacrum tail-slaps you but does no damage.
The death yak simulacrum barely misses you.
You hit the death yak simulacrum.
The death yak simulacrum is severely damaged.
The death yak simulacrum gores you! The death yak simulacrum freezes you!!
You die...

#####
##...##
##.@∩..##
#.ZZZ...#
#...∩...#
##.....##
##...##
#...#
##...
#...#
...##


You could see an alligator simulacrum and 2 death yak simulacra.

Vanquished Creatures
  Harold (D:8)
  2 hydras
  Nergalle (D:10)
  4 elephants (Lair:2)
  2 spiny frogs (Lair:2)
  2 komodo dragons (Lair:1)
  A troll (D:9)
  2 polar bears (Lair:2)
  2 hornets
  3 hippogriffs
  Sigmund (D:5)
  A spriggan (D:10)
  2 soldier ants (D:8)
  5 water moccasins
  A porcupine (Lair:2)
  An orc warrior (D:6)
  A sky beast (D:7)
  3 ice beasts
  31 wolves
  4 ogres
  6 crocodiles
  5 centaurs
  A big kobold (D:8)
  Blork the orc (D:5)
  4 bullfrogs
  8 gnoll sergeants (Bailey)
  2 scorpions
  3 crimson imps
  A quasit (D:10)
  4 hounds
  2 jellies
  6 gnoll shamans (Bailey)
  7 orc priests
  3 orc wizards (D:7)
  3 bullfrog skeletons
  Jessica (D:3)
  6 iguanas
  Natasha (D:2)
  A polar bear simulacrum (IceCv)
  9 worker ants
  2 killer bee zombies
  2 hound skeletons
  10 adders
  22 gnolls
  5 river rats (Sewer)
  A shadow imp (D:5)
  An ooze (Sewer)
  4 worms
  4 leopard geckos
  27 orcs
  11 bats
  4 giant cockroaches
  9 hobgoblins
  16 jackals
  25 kobolds
  4 quokkas
  7 ball pythons
  3 frilled lizards
  10 goblins
  A jackal skeleton (D:8)
  27 rats
339 creatures vanquished.

Notes
Turn   | Place    | Note
-------+----------+-------------------------------------------
     0 | D:1      | Rediskos the Gargoyle Fighter began the quest for the Orb.
     0 | D:1      | Reached XP level 1. HP: 14/14 MP: 1/1
    65 | D:1      | Reached XP level 2. HP: 17/19 MP: 2/2
   327 | D:1      | Reached XP level 3. HP: 21/23 MP: 3/3
   974 | D:2      | Reached skill level 3 in Maces & Flails
  1199 | D:2      | Reached XP level 4. HP: 29/29 MP: 4/4
  1361 | D:2      | Noticed Natasha
  1404 | D:2      | Killed Natasha
  1547 | D:2      | Reached XP level 5. HP: 33/33 MP: 5/5
  1661 | D:3      | Found a glowing drain.
  1679 | Sewer    | Entered a sewer
  2204 | Sewer    | Reached skill level 4 in Maces & Flails
  2670 | D:3      | Reached XP level 6. HP: 38/38 MP: 6/6
  3299 | D:3      | Noticed Jessica
  3305 | D:3      | Killed Jessica
  3648 | D:4      | Reached XP level 7. HP: 38/44 MP: 7/7
  3683 | D:4      | Noticed Ihlosi's ghost (amateur KoGl)
  3685 | D:4      | Found a runed gate.
  3685 | D:4      | Found a runed gate.
  3685 | D:4      | Found a runed gate.
  3744 | D:4      | Got a pair of shimmering gloves
  3750 | D:4      | Identified the +1 pair of gloves of the Clam {rCorr Int-2
                  | Slay+6 SInv} (You found it on level 4 of the Dungeon)
  3815 | D:4      | Reached skill level 5 in Maces & Flails
  3927 | D:4      | Got a dazzling buckler
  3940 | D:4      | Identified the +2 buckler of Utipriz {Str+4 Int-3 Slay+6}
                  | (You found it on level 4 of the Dungeon)
  4162 | D:5      | Entered Level 5 of the Dungeon
  4165 | D:5      | Noticed Sigmund
  4278 | D:5      | Killed Sigmund
  4278 | D:5      | Reached skill level 5 in Fighting
  4278 | D:5      | Reached skill level 5 in Armour
  4278 | D:5      | Reached skill level 5 in Shields
  4486 | D:5      | Reached XP level 8. HP: 49/49 MP: 8/8
  4603 | D:5      | Reached skill level 6 in Maces & Flails
  4633 | D:5      | Noticed Blork the orc
  4646 | D:5      | Killed Blork the orc
  5259 | D:6      | Reached skill level 7 in Maces & Flails
  5529 | D:6      | Found a runed gate.
  5529 | D:6      | Found a runed gate.
  5533 | D:6      | Found a runed gate.
  5533 | D:6      | Noticed megamayne420's ghost (amateur HOMo)
  5582 | D:6      | Reached XP level 9. HP: 55/55 MP: 9/9
  5647 | D:6      | Found a staircase to the Ecumenical Temple.
  5708 | Temple   | Entered the Ecumenical Temple
  5715 | Temple   | Became a worshipper of Qazlal Stormbringer
  5869 | D:6      | Learned a level 2 spell: Passwall
  6054 | D:7      | Got an encrusted helmet
  6060 | D:7      | Identified the +0 helmet of the Mutiny {MP+9 Dex+4} (You
                  | found it on level 7 of the Dungeon)
  6157 | D:7      | Reached skill level 1 in Invocations
  6179 | D:7      | Reached skill level 1 in Transmutations
  6391 | D:7      | Found a basalt altar of Yredelemnul.
  6450 | D:7      | Reached * piety under Qazlal
  6450 | D:7      | Reached skill level 8 in Maces & Flails
  7133 | D:8      | Noticed Harold
  7150 | D:8      | Killed Harold
  7150 | D:8      | Reached XP level 10. HP: 48/63 MP: 12/12
  7458 | D:8      | Reached skill level 9 in Maces & Flails
  7785 | D:8      | Reached ** piety under Qazlal
  8198 | D:9      | Found a flagged portal.
  8203 | Bailey   | Entered a bailey
  8382 | Bailey   | Reached skill level 1 in Earth Magic
  9082 | D:9      | Learned a level 1 spell: Apportation
  9766 | D:10     | Entered Level 10 of the Dungeon
  9791 | D:10     | Noticed Nergalle
  9799 | D:10     | Killed Nergalle
  9799 | D:10     | Reached skill level 1 in Translocations
  9827 | D:10     | Reached XP level 11. HP: 67/68 MP: 14/14
  9965 | D:10     | Got a warped mace
  9966 | D:10     | Identified the +3 mace "Yfeill" {flame, Dex+3} (You found
                  | it on level 10 of the Dungeon)
  9989 | D:10     | Found a staircase to the Lair.
 10359 | Lair:1   | Entered Level 1 of the Lair of Beasts
 10366 | Lair:1   | Noticed a spriggan rider
 10596 | Lair:1   | Noticed a seven-headed hydra
 10668 | D:10     | Reached skill level 10 in Maces & Flails
 10679 | D:10     | Reached skill level 5 in Invocations
 11071 | D:10     | Killed a seven-headed hydra
 11400 | Lair:1   | Got a brightly glowing mace
 11403 | Lair:1   | Identified the +0 mace of the Twenty Beggars {vamp, rPois}
                  | (You found it on level 1 of the Lair of Beasts)
 12089 | Lair:2   | Got a jewelled mace
 12090 | Lair:2   | Identified the cursed +2 mace "Racaikan" {pain, *Slow +Inv
                  | rF+ Str+3} (You found it on level 2 of the Lair of Beasts)
 12240 | Lair:2   | Reached XP level 12. HP: 75/75 MP: 16/16
 12240 | Lair:2   | Noticed a seven-headed hydra
 12253 | Lair:2   | Killed a seven-headed hydra
 12264 | Lair:2   | Reached skill level 5 in Earth Magic
 12722 | Lair:2   | Found a staircase to the Swamp.
 12731 | Lair:2   | Reached *** piety under Qazlal
 12731 | Lair:2   | Reached skill level 11 in Maces & Flails
 13010 | Lair:3   | Found a frozen archway.
 13016 | IceCv    | Entered an ice cave
 13028 | IceCv    | Slain by a death yak simulacrum

Skill      XL: |  1  2  3  4  5  6  7  8  9 10 11 12 |
---------------+-------------------------------------+-----
Maces & Flails | 3 4 5 7 8 9 10 11 | 11.0
Fighting       | 4 5 6 7 8 9 |  9.1
Armour         | 4 5 6 7 8 9 |  9.1
Shields        | 4 5 6 7 8 9 |  9.0
Invocations    | 3 4 6 |  6.3
Transmutations | 2 |  2.9
Earth Magic    | 2 4 5 |  5.2
Translocations | 1 3 |  3.6

Action                   |  1- 3 |  4- 6 |  7- 9 | 10-12 || total
-------------------------+-------+-------+-------+-------++-------
Melee: Flail             |   179 |   388 |     1 |    35 ||   603
       Mace              |       |       |   231 |   355 ||   586
Invok: Upheaval          |       |       |       |     7 ||     7
Evoke: Wand              |       |     1 |       |       ||     1
  Use: Scroll            |       |    14 |     2 |     8 ||    24
       Potion            |       |       |       |     1 ||     1
  Eat: Chunk             |     1 |     9 |    10 |    14 ||    34
       Ration            |       |       |       |     3 ||     3
Armor: Scale mail        |   103 |   218 |    51 |       ||   372
       Chain mail        |       |       |    48 |   314 ||   362
Dodge: Dodged            |    73 |   136 |    78 |   247 ||   534
Block: Shield            |   114 |   223 |    14 |       ||   351
       Buckler           |       |       |    81 |   295 ||   376
